AoeStats
← 一条固执的鱼

African Clearing

506181234Analyzed
3v3 RM · 21d ago on Sep 12, 2026· 48m 24s· 6 players
Game mode
Random Map
Map size
Normal (6 player)
Population
200
Speed
Normal
Resources
Standard
Victory
Conquest
Starting age
Dark Age
Ending age
Imperial Age
RankedLock teamsTeams togetherTeam positionsShared explorationLock speedFull tech treeHidden civsTurbo modeCheats
Victory
Defeat
🇨🇳 Japanese · China
1210
+12
🇨🇳 Franks · China
1168
+13
🇨🇳 Vietnamese · China
1162
+14
🇲🇽 Inca · Mexico
1139
-14
🇦🇹 Huns · Austria
1121
-13
🇭🇰 Poles · Hong Kong SAR China
1080
-12
Wellen_Willi
13:50 Feudal Age
14:52 Loom
17:04 Forging
24:31 Castle Age
22:36 Gold Mining
24:19 Bloodlines
24:58 Scale Barding Armor
26:30 Double-Bit Axe
28:23 Husbandry
31:31 Chain Barding Armor
43:32 Wheelbarrow
44:35 Horse Collar
47:50 Light Cavalry
Oveja de Batalla
13:10 Feudal Age
14:47 Loom
17:50 Castle Age
15:54 Horse Collar
16:13 Double-Bit Axe
16:55 Town Watch
17:06 Champi Runner
18:19 Scale Mail Armor
32:49 Imperial Age
30:40 Andean Sling
30:24 Pikeman
31:21 Fletching
32:04 Squires
32:17 Forging
33:56 Wheelbarrow
34:04 Bodkin Arrow
34:17 Padded Archer Armor
36:21 Chemistry
35:42 Ballistics
39:32 Leather Archer Armor
40:57 Ring Archer Armor
43:01 Bracer
44:09 Elite Skirmisher
46:01 Iron Casting
45:50 Halberdier
cl12272003
3:35 Loom
14:57 Feudal Age
15:28 Double-Bit Axe
15:36 Stone Mining
18:48 Wheelbarrow
18:05 Town Watch
18:56 Wheelbarrow
20:29 Horse Collar
23:17 Castle Age
22:43 Scale Barding Armor
23:55 Bloodlines
24:38 Bow Saw
25:17 Stone Shaft Mining
25:18 Husbandry
27:20 Hand Cart
34:54 Heavy Plow
35:39 Town Patrol
37:08 Gold Mining
38:49 Forging
38:40 Scale Mail Armor
39:01 Chain Barding Armor
41:09 Szlachta Privileges
41:31 Chain Mail Armor
41:51 Iron Casting
50:49 Imperial Age
一条固执的鱼
5:56 Loom
13:42 Feudal Age
17:39 Castle Age
15:35 Double-Bit Axe
16:12 Stone Mining
16:18 Gold Mining
16:28 Horse Collar
19:34 Bow Saw
20:27 Wheelbarrow
28:28 Hand Cart
28:15 Town Watch
32:02 Imperial Age
30:04 Heavy Plow
30:57 Stone Shaft Mining
30:39 Forging
30:31 Scale Mail Armor
30:53 Chatras
32:34 Iron Casting
32:04 Squires
31:50 Arson
32:25 Elite Fire Lancer
33:39 Chain Mail Armor
34:08 Crop Rotation
37:45 Plate Mail Armor
39:05 Onager
41:56 Fletching
42:06 Padded Archer Armor
42:51 Paper Money
42:34 Elite Skirmisher
43:20 Thumb Ring
43:30 Elite Battle Elephant
44:28 Scale Barding Armor
44:39 Husbandry
44:49 Bloodlines
45:50 Chain Barding Armor
47:06 Plate Barding Armor
沉着 冷静
12:27 Feudal Age
11:39 Loom
13:35 Double-Bit Axe
16:04 Castle Age
14:12 Horse Collar
16:42 Fletching
18:53 Bodkin Arrow
24:18 Padded Archer Armor
24:51 Bow Saw
26:38 Wheelbarrow
25:48 Town Watch
29:29 Heavy Plow
30:31 Leather Archer Armor
31:30 Ballistics
37:09 Imperial Age
35:09 Husbandry
35:20 Bloodlines
36:14 Hand Cart
37:23 Thumb Ring
37:51 Bracer
38:52 Chemistry
38:52 Parthian Tactics
39:53 Gold Mining
39:53 Stone Mining
39:54 Heavy Cavalry Archer
41:50 Conscription
43:54 Coinage
44:13 Gold Shaft Mining
45:14 Banking
46:37 Scale Mail Armor
46:47 Forging
47:08 Ring Archer Armor
47:54 Two-Man Saw
809591945
4:24 Loom
13:47 Feudal Age
17:50 Castle Age
16:41 Stone Mining
18:27 Town Watch
22:18 Fletching
27:33 Double-Bit Axe
31:55 Bow Saw
33:13 Gold Mining
39:00 Imperial Age
38:33 Wheelbarrow
39:16 Scale Barding Armor
39:21 Forging
39:08 Cavalier
39:48 Husbandry
40:27 Husbandry
42:02 Chain Barding Armor
43:46 Plate Barding Armor
44:19 Paladin
45:43 Iron Casting
47:59 Blast Furnace
47:28 Chivalry
47:49 Conscription
Connection lost

Rejoining the realm…

Still unreachable

The connection could not be restored.

Session expired

The server has moved on; the page needs a fresh start.